 Dungeon Crawl Stone Soup version 0.27-a0-1528-g90fbb72469 (webtiles) character file.

Game seed: 6614276915384923350

35 Morbidden the Sneak (level 3, 27/27 HPs)
             Began as a Demonspawn Brigand on July 11, 2021.
             Quit the game on level 3 of the Dungeon.
             The game lasted 00:01:14 (1500 turns).

Morbidden the Sneak (Demonspawn Brigand)            Turns: 1500, Time: 00:01:14

Health: 27/27      AC:  5    Str: 11    XL:     3   Next: 17%
Magic:  3/3        EV: 11    Int: 13    God:
Gold:   139        SH:  0    Dex: 14    Spells: 2/2 levels left

rFire    . . .     SeeInvis .   a - +2 dagger
rCold    . . .     Faith    .   (no shield)
rNeg     . . .     Spirit   .   b - +0 robe
rPois    .         Reflect  .   (no helmet)
rElec    .         Harm     .   c - +0 cloak
rCorr    .         Rampage  .   (no gloves)
Will     .....                  (no boots)
Stlth    +++.......             (no amulet)
HPRegen  0.09/turn              (no ring)
MPRegen  0.08/turn              (no ring)

@: no status effects
A: yellow scales 1, powered by death 1
a: no special abilities


You were on level 3 of the Dungeon.
You visited 1 branch of the dungeon, and saw 3 of its levels.

You collected 139 gold pieces.

Inventory:

Hand Weapons
 a - a +2 dagger (weapon)
Missiles
 d - 8 poisoned darts (quivered)
 e - 2 curare-tipped darts
Armour
 b - a +0 robe (worn)
 c - a +0 cloak (worn)
Scrolls
 f - 2 scrolls of identify {unknown}
 h - a scroll of fog {unknown}
 i - a scroll of magic mapping {unknown}
 j - a scroll of enchant armour {unknown}
 k - a scroll of brand weapon {unknown}
Potions
 g - a potion of haste {unknown}
 l - a potion of invisibility {unknown}


   Skills:
 + Level 2.2 Fighting
 + Level 2.5 Short Blades
 + Level 1.7 Throwing
 + Level 1.0 Dodging
 + Level 4.1 Stealth


You had 2 spell levels left.
You didn't know any spells.
Your spell library was empty.

Dungeon Overview and Level Annotations

Branches:
Dungeon (3/15)

Altars:
Elyvilon


Innate Abilities, Weirdness & Mutations

You are partially covered in yellow scales. (AC +2)
You regenerate a little health from kills.


Message History

The gnoll barely misses you.
You hit the gnoll but do no damage. The gnoll barely misses you.
The gnoll misses you.
You closely miss the gnoll.
The gnoll hits you from afar with a +0 spear.
The ball python hisses angrily.
You hit the gnoll but do no damage. The gnoll hits you but does no damage.
The gnoll closely misses you.
Unknown command.
Unknown command.
The gnoll closely misses you.
The gnoll shouts!
There is a stone staircase leading down here.
The gnoll barely misses you.
You climb downwards.
Found 27 gold pieces.
There is a stone staircase leading up here.
Key pressed, stopping explore.
No target in view!
HP restored.
A kobold comes into view. It is wielding a +0 whip.
A kobold is nearby!
The kobold shouts!
A kobold is nearby!
A kobold is nearby!
You hit the kobold.
You kill the kobold!
No target in view!
No target in view!
No target in view!
No target in view!
No target in view!
Things that are here:
a +0 whip; a kobold corpse No target in view!
You now have 123 gold pieces (gained 11).
You now have 139 gold pieces (gained 16).
An endoplasm comes into view.
An endoplasm is nearby!
Are you sure you want to abandon this character and quit the game? (Confirm with "yes".)

#............#####
#................#
#............###.#
###...<........#
#.#
...............#
#.#
...#.....####.##
#.# ..
#####.)....# #.# .
###########.#
J......@..#
.....###### ... .


You could see an endoplasm (asleep).

Vanquished Creatures
  4 dart slugs
  A ball python (D:1)
  3 endoplasms
  A giant cockroach (D:1)
  3 goblins
  4 hobgoblins
  A quokka (D:1)
  2 bats
  4 kobolds
23 creatures vanquished.

Notes
Turn   | Place    | Note
-------+----------+-------------------------------------------
     0 | D:1      | Morbidden the Demonspawn Brigand began the quest for the
                  | Orb.
     0 | D:1      | Reached XP level 1. HP: 16/16 MP: 1/1
   293 | D:1      | Gained mutation: You are partially covered in yellow
                  | scales. (AC +2) [demonic ancestry]
   293 | D:1      | Reached XP level 2. HP: 22/22 MP: 2/2
   536 | D:1      | Reached skill level 4 in Stealth
   720 | D:1      | Reached skill level 1 in Dodging
  1162 | D:2      | Gained mutation: You regenerate a little health from kills.
                  | [demonic ancestry]
  1162 | D:2      | Reached XP level 3. HP: 27/27 MP: 3/3
  1500 | D:3      | Quit the game

Illustrated notes

Levels and vault maps discovered:
D:1:      lemuel_arrival_lava_pool, layout_basic, serial_glass, glass_columns_a,
          glass_columns_b, glass_columns_a, glass_columns_a, glass_columns_a,
          glass_columns_c, minivault_14, minmay_misc_feat_nine_boxes
D:2:      layout_basic, basic_altar, chequers_serial_rivers_small_a,
          minmay_3d_cube, uniq_robin
D:3:      layout_basic, lightli_corner_chamber, uniq_crazy_yiuf_cottage

Skill      XL: |  1  2 |
---------------+-------+-----
Short Blades   | 2 |  2.5
Stealth        | 4 |  4.1
Dodging        | 1 |  1.0
Fighting       | |  2.2
Throwing       | |  1.7

Action                   || total
-------------------------++-------
Melee: Dagger            ||    83
 Stab: Sleeping          ||     3
Armor: Robe              ||    18
Dodge: Dodged            ||    42

Table legend: (Time is in decaauts)
 A = Elapsed time spent in this place.
 B = Non-inter-level travel time spent in this place.
 C = Inter-level travel time spent in this place.
 D = Time resting spent in this place.
 E = Time spent auto-exploring this place.
 F = Levels seen in this place.
 G = Mean time per level.
                   A        B        C        D        E       F      G
               +--------+--------+--------+--------+--------+-----+--------+
         Total |   1490 |   1479 |     11 |      0 |   1275 |   3 |  496.7 |
       Dungeon |   1490 |   1479 |     11 |      0 |   1275 |   3 |  496.7 |
               +--------+--------+--------+--------+--------+-----+--------+

Top non-repeatable levels by time:
     D:1: 1079 daAuts
     D:3: 207 daAuts
     D:2: 203 daAuts
